 Dungeon Crawl Stone Soup version 0.24.0-125-gc4c63601f3 (webtiles) character file.

Game seed: 6901587279875141348, levelgen mode: deterministic

22 Lemonice the Caller (level 2, 0/19 HPs)
             Began as a Barachi Summoner on Feb 21, 2020.
             Slain by an adder (4 damage)
             ... on level 2 of the Dungeon.
             The game lasted 00:02:54 (1023 turns).

Lemonice the Caller (Barachi Summoner)              Turns: 1023, Time: 00:02:55

Health: 0/19       AC:  2    Str:  9    XL:     2   Next: 91%
Magic:  3/5        EV: 13    Int: 15    God:
Gold:   66         SH:  0    Dex: 12    Spells: 5/6 levels left

rFire    + . .     SeeInvis .   g - -1 short sword (curse)
rCold    + . .     Gourm    .   (no shield)
rNeg     . . .     Faith    .   a - +0 robe
rPois    +         Spirit   .   (no helmet)
rElec    +         Reflect  .   (no cloak)
rCorr    +         Harm     .   (no gloves)
MR       .....                  (no boots)
Stlth    ++........             (no amulet)
HPRegen  0.06/turn              (no ring)
MPRegen  0.09/turn              (no ring)

@: resistant, hasted, quick
A: +LOS, swims, slowness 1, strong legs 1
a: Hop


You were on level 2 of the Dungeon.
You were hungry.

You visited 1 branch of the dungeon, and saw 2 of its levels.

You collected 66 gold pieces.

Inventory:

Hand Weapons
 g - a cursed -1 short sword (weapon)
 o - a cursed -1 dagger
 q - a +2 mace of protection
Missiles
 d - 15 sling bullets
 j - 23 stones (quivered)
Armour
 a - a +0 robe (worn)
 p - a +0 cloak
Scrolls
 b - 2 scrolls of remove curse {unknown}
 e - a scroll of immolation {unknown}
 i - a scroll of teleportation {unknown}
 k - a scroll of identify {unknown}
 l - a scroll of fear {unknown}
Potions
 n - a potion of brilliance {unknown}
Comestibles
 c - 4 rations


   Skills:
 + Level 2.6 Dodging
 - Level 1.7 Stealth
 + Level 2.6 Spellcasting
 + Level 5.3 Summonings


You had 5 spell levels left.
You knew the following spells:

 Your Spells              Type           Power        Failure   Level  Hunger
a - Summon Small Mammal   Summ           ###.         2%          1    #......

Your spell library contained the following spells:

 Spells                   Type           Power        Failure   Level  Hunger
 Call Imp                 Summ           ###.....     3%          2    ###....
 Call Canine Familiar     Summ           ###.....     7%          3    ###....
 Summon Guardian Golem    Hex/Summ       #.......     22%         3    ###....
 Summon Ice Beast         Ice/Summ       #.......     56%         4    #####..
 Summon Lightning Spire   Summ/Air       #.......     56%         4    #####..


Dungeon Overview and Level Annotations

Branches:
Dungeon (2/15)

Altars:


Innate Abilities, Weirdness & Mutations

Shadows flee at your approach. (+LOS)
You can swim through water.
You cover ground slowly.
You can hop short distances.


Message History

The adder closely misses you. The bat closely misses you.
Your quokka bites the adder.
Your bat hits the adder but does no damage.
You miss the adder.
The adder is moderately wounded.
The bat hits you but does no damage.
Your bat hits the adder but does no damage.
The adder bites you.
Your quokka misses the adder. You closely miss the adder.
The adder is moderately wounded.
Your bat hits the adder but does no damage.
The adder bites you.
* * * LOW HITPOINT WARNING * * *
The bat hits you.
* * * LOW HITPOINT WARNING * * *
It was a potion of resistance.
You feel protected. The bat closely misses you.
Your quokka closely misses the adder.
Your bat misses the adder. The adder bites you.
You die...

.... .. ........#.# #
.........#.## ..
.%.........>### ..
.........#.... .###
...........<##.....
#.......b......
..#....(..Sb..###
..........r@# ..#
......=.)...# #.#
#######
............###.###.....
#.....................#
#..###................#
# ##..#.####.##....#
#..#...##..#....#
....###.......)..#
.###.##...#.###...##


You could see an adder, a bat, a friendly quokka and a friendly bat.

Vanquished Creatures
  A dart slug (D:2)
  A bat (D:1)
  2 giant cockroaches (D:1)
  A goblin (D:2)
  2 hobgoblins
  A frilled lizard (D:1)
  A kobold (D:1)
  4 rats (D:1)
13 creatures vanquished.

Vanquished Creatures (collateral kills)
  A dart slug (D:1)
  A leopard gecko (D:1)
  A goblin (D:1)
  2 hobgoblins
  A frilled lizard (D:1)
6 creatures vanquished.

Grand Total: 19 creatures vanquished

Notes
Turn   | Place    | Note
-------+----------+-------------------------------------------
     0 | D:1      | Lemonice the Barachi Summoner began the quest for the Orb.
     0 | D:1      | Reached XP level 1. HP: 13/13 MP: 3/3
    51 | D:1      | Reached skill level 5 in Summonings
   171 | D:1      | Reached XP level 2. HP: 14/19 MP: 3/5
  1023 | D:2      | Slain by an adder

Levels and vault maps discovered:
D:1:      dpeg_arrival_long_road, layout_basic, chequers_serial_rivers_small_b,
          minmay_unequal
D:2:      layout_rooms, minmay_pentomino_z2, uniq_robin

Skill      XL: |  1 |
---------------+----+-----
Summonings     | 5 |  5.3
Dodging        | |  2.6
Stealth        | |  1.7
Spellcasting   | |  2.6

Action                   || total
-------------------------++-------
Melee: Unarmed           ||    27
       Short sword       ||    42
 Cast: Summon Small Mamm ||    15
  Use: Potion            ||     3
 Stab: Sleeping          ||     1
Armor: Robe              ||    13
Dodge: Dodged            ||    44
